 Dungeon Crawl Stone Soup version 0.23-a0-607-g760965b (webtiles) character file.

1864 galech the Chopper (level 8, -9/63 HPs)
             Began as a Demonspawn Fighter on Dec 20, 2018.
             Was a Follower of Okawaru.
             Mangled by an ogre
             ... wielding a +0 giant spiked club
              (23 damage)
             ... on level 5 of the Dungeon.
             The game lasted 00:06:58 (5682 turns).

galech the Chopper (Demonspawn Fighter)             Turns: 5682, Time: 00:06:59

Health: -9/63      AC: 11    Str: 17    XL:     8   Next: 90%
Magic:  8/8        EV:  6    Int:  9    God:    Okawaru [*.....]
Gold:   260        SH: 10    Dex: 15    Spells: 7/7 levels left

rFire    . . .     SeeInvis .   a - +0 war axe
rCold    . . .     Gourm    .   c - +0 shield
rNeg     . . .     Faith    .   u - +0 chain mail
rPois    .         Spirit   .   s - +0 helmet
rElec    .         Reflect  .   d - scarf {repulsion}
rCorr    .         Harm     .   (no gloves)
MR       .....                  (no boots)
Stlth    ..........             (no amulet)
HPRegen  0.20/turn              p - ring of flight
MPRegen  0.11/turn              (no ring)

@: repel missiles
A: talons 2, powered by death 2
a: Heroism, Renounce Religion, Evoke Flight


You were on level 5 of the Dungeon.
You worshipped Okawaru.
Okawaru was aware of your devotion.
You were not hungry.

You visited 2 branches of the dungeon, and saw 7 of its levels.

You collected 260 gold pieces.

Inventory:

Hand Weapons
 a - a +0 war axe (weapon)
Armour
 c - a +0 shield (worn)
 d - a scarf of repulsion (worn)
 s - a +0 helmet (worn)
 u - a +0 chain mail (worn)
Jewellery
 p - a ring of flight (left hand)
Wands
 e - a wand of scattershot (2)
 l - a wand of iceblast (4)
 r - a wand of flame (7)
Scrolls
 b - a scroll of immolation {unknown}
 g - 2 scrolls of fog
 h - a scroll of enchant weapon {unknown}
 j - a scroll of teleportation
 n - a scroll of remove curse
 o - 2 scrolls of random uselessness {unknown}
 q - 2 scrolls of identify {unknown}
Potions
 i - 2 potions of flight {unknown}
 k - 4 potions of curing {unknown}
 m - 2 potions of haste
Comestibles
 f - 8 rations


   Skills:
 + Level 5.5 Fighting
 + Level 6.8 Axes
 + Level 5.5 Armour
 + Level 2.4 Dodging
 + Level 1.1 Stealth
 + Level 4.9 Shields
 + Level 0.1 Invocations


You had 7 spell levels left.
You didn't know any spells.
Your spell library was empty.

Dungeon Overview and Level Annotations

Branches:
Dungeon (6/15)             Temple (1/1) D:5

Altars:
Dithmenos
Elyvilon
Gozag
Makhleb
Nemelex Xobeh
Okawaru
Trog
Xom
The Shining One

Shops:
D:5 %

Annotations:
D:5 3 runed doors, Inarius's ghost, novice DsCK


Innate Abilities, Weirdness & Mutations

You have razor-sharp toenails.
You regenerate health from kills.


Message History

You are too injured to fight recklessly!
You are too injured to fight recklessly!
You are too injured to fight recklessly!
You are too injured to fight recklessly!
You are too injured to fight recklessly!
You are too injured to fight recklessly!
You are too injured to fight recklessly!
You are too injured to fight recklessly!
You are too injured to fight recklessly!
You are too injured to fight recklessly!
You fail to use your ability.
The ogre hits you with a +0 giant spiked club!
* * * LOW HITPOINT WARNING * * *
You hit the ogre.
The ogre is moderately wounded.
The orc wizard looks braver for a moment.
You hit the ogre but do no damage. You claw the ogre.
The ogre is heavily wounded.
The ogre hits you with a +0 giant spiked club!!
You die...

.#..# #....W#.###.>.#
....# #######.......#
P.P.# #.#.####...#
.>..# ##.#.#####..#
P.P.# #...........#
....#
###.#.#..######.#
....####............#
.........J...#.#..#.#
#+#....#.### #+#@.#%#
#.'....+ #.oO#...#
#.#....# #..o#...#
#.#....# #.....Z..$
#.#....# ##'#.#..##.#
#.#....# #. . ..# #
#.#....# .... #.#
#.#....# #. .#
#.#....#


You could see an ogre, an orc wizard, an orc and a howler monkey zombie.

Vanquished Creatures
  Edmund (D:4)
  Duvessa (D:6)
  An orc warrior (D:5)
  2 sky beasts
  A black bear (D:6)
  2 phantoms (D:4)
  A necrophage (D:6)
  A bullfrog (D:5)
  Dowan (D:6)
  A scorpion (D:4)
  A howler monkey (D:4)
  A crimson imp (D:5)
  2 centaur skeletons (D:6)
  A bullfrog skeleton (D:4)
  3 hounds (D:4)
  A jelly (D:5)
  An orc priest (D:5)
  A bullfrog zombie (D:5)
  An orc wizard (D:5)
  Ijyb (D:5)
  3 iguanas
  Natasha (thrice) (D:2)
  4 worker ants
  2 hound skeletons (D:4)
  A gnoll (D:1)
  8 adders
  An adder zombie (D:5)
  An adder skeleton (D:4)
  A worm (D:4)
  2 dart slugs
  5 leopard geckos
  An orc (D:3)
  2 giant cockroaches
  11 goblins
  6 hobgoblins
  15 jackals
  8 kobolds
  3 quokkas
  11 bats
  4 frilled lizards
  A leopard gecko skeleton (D:3)
  7 rats
125 creatures vanquished.

Notes
Turn   | Place    | Note
-------+----------+-------------------------------------------
     0 | D:1      | galech the Demonspawn Fighter began the quest for the Orb.
     0 | D:1      | Reached XP level 1. HP: 18/18 MP: 1/1
    98 | D:1      | Reached skill level 2 in Axes
   192 | D:1      | Gained mutation: You regenerate a little health from kills.
                  | [demonic ancestry]
   192 | D:1      | Reached XP level 2. HP: 9/24 MP: 2/2
   403 | D:1      | Found a burning altar of Makhleb.
   405 | D:1      | Found a bloodstained altar of Trog.
   405 | D:1      | Found a bloodstained altar of Trog.
   408 | D:1      | Found a burning altar of Makhleb.
   408 | D:1      | Found a shimmering altar of Xom.
   408 | D:1      | Found an opulent altar of Gozag.
   576 | D:1      | Reached XP level 3. HP: 29/30 MP: 3/3
   900 | D:2      | Noticed Natasha
   910 | D:2      | Killed Natasha
  1111 | D:2      | Gained mutation: You have sharp toenails. [demonic
                  | ancestry]
  1111 | D:2      | Reached XP level 4. HP: 37/37 MP: 4/4
  1404 | D:2      | Noticed Natasha
  1409 | D:2      | Killed Natasha
  1421 | D:2      | Noticed Natasha
  1435 | D:2      | Killed Natasha
  1435 | D:2      | Reached skill level 3 in Axes
  1435 | D:2      | Gained mutation: You regenerate health from kills. [demonic
                  | ancestry]
  1435 | D:2      | Reached XP level 5. HP: 8/42 MP: 5/5
  2531 | D:4      | Noticed a phantom
  2550 | D:4      | HP: 2/42 [phantom (5)]
  2876 | D:4      | Killed a phantom
  2876 | D:4      | Reached skill level 4 in Axes
  2876 | D:4      | Reached XP level 6. HP: 40/48 MP: 6/6
  3187 | D:4      | Reached skill level 1 in Dodging
  3391 | D:4      | Reached XP level 7. HP: 42/55 MP: 7/7
  3563 | D:4      | Noticed Edmund
  3576 | D:4      | Killed Edmund
  3576 | D:4      | Reached skill level 5 in Axes
  3851 | D:3      | Found a glowing golden altar of the Shining One.
  4002 | D:4      | Found a burning altar of Makhleb.
  4005 | D:4      | Found a white marble altar of Elyvilon.
  4008 | D:4      | Found a sparkling altar of Nemelex Xobeh.
  4133 | D:5      | Entered Level 5 of the Dungeon
  4186 | D:5      | Found a staircase to the Ecumenical Temple.
  4194 | Temple   | Entered the Ecumenical Temple
  4202 | Temple   | Became a worshipper of Warmaster Okawaru
  4343 | D:5      | Found Ofacvusa's Food Shoppe.
  4368 | D:5      | Gained mutation: You have razor-sharp toenails. [demonic
                  | ancestry]
  4368 | D:5      | Reached XP level 8. HP: 16/61 MP: 8/8
  4588 | D:5      | Noticed Ijyb
  4592 | D:5      | Killed Ijyb
  4607 | D:5      | Reached skill level 5 in Armour
  4937 | D:6      | Reached * piety under Okawaru
  4937 | D:6      | Reached skill level 6 in Axes
  5082 | D:6      | Reached skill level 5 in Fighting
  5082 | D:6      | Reached skill level 1 in Stealth
  5383 | D:6      | Noticed Dowan
  5384 | D:6      | Noticed Duvessa
  5398 | D:6      | Killed Duvessa
  5401 | D:6      | Killed Dowan
  5660 | D:5      | Found a runed gate.
  5660 | D:5      | Found a runed gate.
  5660 | D:5      | Found a runed gate.
  5664 | D:5      | Noticed Inarius's ghost (novice DsCK)
  5682 | D:5      | Mangled by an ogre

Vault maps used:
D:1:      lightli_arrival_lavapool, doesnt_xom_only_xom
D:2:      st_stairs_6, uniq_natasha
D:3:      nicolae_overflow_hidden_temple, first_ration, nrook_campfire
D:4:      grunt_temple_overflow_diamond, minmay_between, uniq_edmund
D:5:      yredelemnul_forgotten_temple_becter, minmay_temple_entry_trees,
          ebering_ghost_rock_garden, serial_shops, shop, uniq_ijyb
D:6:      uniq_duvessa
Temple:   dpeg_chambers_temple

Skill      XL: |  1  2  3  4  5  6  7  8 |
---------------+-------------------------+-----
Axes           | 2 3 4 5 6 |  6.8
Armour         | 3 4 5 |  5.5
Fighting       | 4 5 |  5.5
Shields        | 3 4 |  4.9
Dodging        | 1 2 |  2.4
Stealth        | 1 |  1.1
Invocations    | |  0.1

Action                   |  1- 3 |  4- 6 |  7- 9 || total
-------------------------+-------+-------+-------++-------
Melee: War axe           |   104 |   212 |   175 ||   491
       Kick              |       |    40 |    58 ||    98
Invok: Heroism           |       |       |     2 ||     2
  Use: Scroll            |       |     6 |       ||     6
       Potion            |       |       |     1 ||     1
  Eat: Chunk             |     1 |     7 |     5 ||    13
       Ration            |       |       |     1 ||     1
Armor: Scale mail        |    63 |    80 |    68 ||   211
Dodge: Dodged            |    30 |    68 |    59 ||   157
       Deflected         |       |       |     1 ||     1
Block: Shield            |    48 |   119 |   104 ||   271

Table legend:
 A = Non-vault XP
 B = Vault XP
 C = Vault XP percentage of total XP
 D = Non-vault monster count
 E = Vault monster count
 F = Vault count percentage of total count
                 A         B        C        D         E       F
            +---------+---------+-------+---------+---------+-------
      Total |    2048 |     616 |  23.1 |     116 |       9 |   7.2
            +---------+---------+-------+---------+---------+-------
        D:1 |      47 |       0 |   0.0 |      22 |       0 |   0.0
        D:2 |     106 |      49 |  31.6 |      17 |       3 |  15.0
        D:3 |     152 |       0 |   0.0 |      26 |       0 |   0.0
        D:4 |     589 |     299 |  33.7 |      25 |       3 |  10.7
        D:5 |     642 |      38 |   5.6 |      11 |       1 |   8.3
        D:6 |     512 |     230 |  31.0 |      15 |       2 |  11.8
            +---------+---------+-------+---------+---------+-------
